AoeStats
← iaa4e

Nomad

508727269Analyzed
4v4 RM · 9d ago on Sep 23, 2026· 22m 14s· 8 players
Game mode
Random Map
Map size
231×231
Population
200
Speed
Normal
Resources
Standard
Victory
Conquest
Starting age
Dark Age
Ending age
Imperial Age
RankedLock teamsTeams togetherTeam positionsShared explorationLock speedFull tech treeHidden civsTurbo modeCheats
Victory
Defeat
🇺🇸 Dravidians · United States
1243
+13
🇧🇷 Mongols · Brazil
1187
+16
🇨🇱 Lithuanians · Chile
1143
+17
🇺🇸 Sicilians · United States
1135
+18
🇩🇪 Khmer · Germany
1213
-17
🇬🇪 Byzantines · Georgia
1190
-17
🇷🇺 Sicilians · Russia
1157
-15
🇦🇷 Mongols · Argentina
1156
-15
Ebrin
6:17 Loom
13:52 Feudal Age
18:10 Castle Age
17:35 Double-Bit Axe
Sussy_Floppa
5:48 Loom
11:41 Loom
14:54 Feudal Age
14:09 Loom
18:59 Castle Age
17:41 Double-Bit Axe
18:07 Horse Collar
19:03 Fletching
20:56 Bodkin Arrow
iaa4e
14:07 Feudal Age
16:10 Loom
19:48 Bloodlines
21:13 Horse Collar
Level
7:19 Loom
10:38 Feudal Age
15:27 Forging
Prince of Hell
4:44 Loom
13:30 Feudal Age
14:14 Town Watch
17:12 Double-Bit Axe
18:52 Scale Mail Armor
19:02 Forging
21:00 Castle Age
22:11 Chain Mail Armor
22:31 Iron Casting
rastarjr
5:21 Loom
13:36 Feudal Age
19:09 Castle Age
17:23 Fletching
17:28 Double-Bit Axe
19:43 Padded Archer Armor
20:28 Horse Collar
Rbofff
6:12 Loom
13:01 Feudal Age
14:40 Fletching
14:45 Double-Bit Axe
18:59 Castle Age
16:57 Gold Mining
17:07 Fishing Lines
19:53 Medium Warships
19:57 Bow Saw
19:54 Bodkin Arrow
21:55 Horse Collar
Lautaro_aoe
12:04 Feudal Age
12:52 Double-Bit Axe
14:20 Loom
14:42 Fletching
20:05 Castle Age
18:15 Horse Collar
18:48 Stone Mining
21:41 Bow Saw
22:08 Wheelbarrow
21:41 Town Watch
22:25 Bow Saw
Connection lost

Rejoining the realm…

Still unreachable

The connection could not be restored.

Session expired

The server has moved on; the page needs a fresh start.